 Dungeon Crawl Stone Soup version 0.31-a0-983-g7b6862f502 (webtiles) character file.

Game seed: 11789638059114435417

62 lunkers the Insei (level 3, -2/27 HPs)
             Began as a Demigod Shapeshifter on Nov 1, 2023.
             Killed by divine providence
             ... invoked by an orc priest
              (11 damage)
             ... on level 3 of the Dungeon on Nov 2, 2023.
             The game lasted 00:03:16 (1258 turns).

lunkers the Insei (Demigod Shapeshifter)            Turns: 1258, Time: 00:03:16

Health: -2/27      AC:  5    Str: 15    XL:     3   Next: 60%
Magic:  5/5        EV: 11    Int: 12    God:
Gold:   105        SH:  0    Dex: 17    Spells: 2/2 levels left

rFire   . .          .
                       - Unarmed
rCold   . . .        (no shield)
rNeg    . . .        o - +0 ring mail
rPois   .            (helmet currently unavailable)
rElec   .            (cloak currently unavailable)
rCorr   .            (gloves currently unavailable)
SInv    .            (boots currently unavailable)
Will    .....        (no amulet)
Stlth   +            i - ring of flight
HPRegen 0.24/turn    (no ring)
MPRegen 0.09/turn

%: no passive effects
@: beast-form, flying
A: beast (slay +1), high MP 1, forlorn, divine attributes
a: Begin Untransformation


You were on level 3 of the Dungeon.
You were a hulking beast.
You visited 1 branch of the dungeon, and saw 3 of its levels.

You collected 105 gold pieces.

Inventory:

Armour
 a - a +0 animal skin
 o - a +0 ring mail (worn)
Jewellery
 f - a ring of fire
 i - a ring of flight (left hand)
 p - a ring of fire
Talismans
 c - a beast talisman
 d - a flux talisman
Scrolls
 e - a scroll of silence {unknown}
 g - a scroll of immolation {unknown}
 h - a scroll of poison {unknown}
 j - a scroll of identify {unknown}
 k - a scroll of blinking {unknown}
Potions
 b - a potion of lignification
 l - a potion of haste {unknown}
 m - a potion of brilliance {unknown}
 n - a potion of degeneration {unknown}


   Skills:
 - Level 0.8 Fighting
 - Level 1.7 Dodging
 * Level 3.9 Unarmed Combat
 + Level 3.2 Shapeshifting


You had 2 spell levels left.
You didn't know any spells.
Your spell library was empty.

Dungeon Overview and Level Annotations

Branches:
Dungeon (3/15)

Shops:
D:1 (

Annotations:
D:1 1 transporter


Innate Abilities, Weirdness & Mutations

You are a hulking beast.
Your limbs bulge with bestial killing power. (Slay +1)
You have an increased reservoir of magic. (+10% MP)
You shall have no god before yourself.
Your divine heritage dramatically boosts your attributes as you level up.


Message History

No target in view!
No target in view!
A ball python comes into view.
Found a scale mail. 2 orcs come into view.
The orc shouts! x2
An orc priest comes into view. It is wielding a +0 club.
Found a scroll labelled DOPHAZ IZAGI.
Found a stone staircase leading down.
The orc priest shouts!
The ball python misses you. The ball python grabs you.
The ball python constricts you.
You closely miss the ball python. The ball python bites you.
The ball python constricts you.
You hit the ball python.
You kill the ball python!
Found 10 gold pieces.
The orc hits you with a +0 morningstar!
* * * LOW HITPOINT WARNING * * *
You see here a ball python corpse.
Okay, then.
Okay, then.
You hit the orc but do no damage. You hit the orc.
The orc is lightly wounded.
The orc hits you with a +0 morningstar.
* * * LOW HITPOINT WARNING * * *
The orc closely misses you.
You punch the orc!
The orc is almost dead.
The orc barely misses you. x2
Unknown command.
You hit the orc.
You kill the orc!
Unknown command.
You hit the orc priest.
The orc priest is moderately wounded.
The orc hits you with a +0 club.
* * * LOW HITPOINT WARNING * * *
The orc priest calls down the wrath of Beogh upon you.
Beogh smites you!
You die...

.#######.#####.####
...# #............#
##.# #.#.######...#
##†###.(.....##...#
.....####.##.#....#
##.#.# #.##.#....#
#...#
#.##......####
#####
#...###..[...# ###.
#..ho##... ##
#.##o# ... ... ##..
$.... ##. .^..## #.
...#.. #> ##.##?#
.# .#


You could see an orc priest and an orc.

Vanquished Creatures
  2 adders
  An orc (D:3)
  5 bats
  3 endoplasms
  3 giant cockroaches
  A goblin (D:1)
  4 hobgoblins
  2 jackals (D:2)
  4 kobolds (D:1)
  A quokka (D:1)
  7 ball pythons
  A frilled lizard (D:1)
  6 rats
40 creatures vanquished.

Notes
Turn   | Place    | Note
-------+----------+-------------------------------------------
     0 | D:1      | lunkers the Demigod Shapeshifter began the quest for the
                  | Orb.
     0 | D:1      | Reached XP level 1. HP: 15/15 MP: 3/3
   184 | D:1      | Reached XP level 2. HP: 16/22 MP: 4/4
   539 | D:1      | Found Xelic's Weapon Emporium.
   679 | D:2      | Upgraded the game from 0.31-a0-981-geadf994542 to
                  | 0.31-a0-983-g7b6862f502
   703 | D:2      | Reached XP level 3. HP: 23/27 MP: 5/5
  1258 | D:3      | Killed from afar by an orc priest

Illustrated notes

Levels and vault maps discovered:
D:1:      spicycebolla_arrival_risky_transporter, layout_basic, serial_shops,
          nicolae_shop_pleasant_corner_grove
D:2:      layout_basic
D:3:      layout_basic, bloody_makhleb

Skill      XL: |  1  2 |
---------------+-------+-----
Unarmed Combat | 3 |  3.9
Shapeshifting  | 3 |  3.2
Fighting       | |  0.8
Dodging        | |  1.7

Action                     || total
---------------------------++-------
  Melee: Unarmed           ||   107
         Punch             ||     1
   Stab: Sleeping          ||     4
 Armour: Animal skin       ||    42
         Ring mail         ||     7
  Dodge: Dodged            ||    70

Table legend: (Time is in decaauts)
 A = Elapsed time spent in this place.
 B = Non-inter-level travel time spent in this place.
 C = Inter-level travel time spent in this place.
 D = Time resting spent in this place.
 E = Time spent auto-exploring this place.
 F = Levels seen in this place.
 G = Mean time per level.
                   A        B        C        D        E       F      G
               +--------+--------+--------+--------+--------+-----+--------+
         Total |   1250 |   1202 |     48 |      0 |    935 |   3 |  416.7 |
       Dungeon |   1250 |   1202 |     48 |      0 |    935 |   3 |  416.7 |
               +--------+--------+--------+--------+--------+-----+--------+

Top non-repeatable levels by time:
     D:1: 654 daAuts
     D:2: 319 daAuts
     D:3: 276 daAuts
